 Dungeon Crawl Stone Soup version 0.30-a0-1053-gbd8d5ba0ad (webtiles) character file.

Game seed: 482490498853171171

2682 jimonade the Magician (level 9, -1/70 (71) HPs)
             Began as a Gnoll Warper on Apr 11, 2023.
             Was an Initiate of Cheibriados.
             Slain by Erica
             ... wielding a +2 scimitar of flaming
              (3 damage)
             ... on level 8 of the Dungeon.
             The game lasted 00:20:15 (7844 turns).

jimonade the Magician (Gnoll Warper)                Turns: 7844, Time: 00:20:16

HP:   -1/70 (71)    AC: 18    Str: 14    XL:     9   Next: 64%
MP:   19/19         EV: 15    Int: 14    God:    Cheibriados [......]
Gold: 384           SH:  0    Dex: 14    Spells: 15/21 levels left

rFire   + . .      SeeInvis .    a - +8 dire flail (protect)
rCold   + . .      Faith    .    (shield currently unavailable)
rNeg    . . .      Spirit   .    r - +2 robe {Will+}
rPois   +          Reflect  .    B - +0 helmet
rElec   +          Rampage  .    e - +0 cloak
rCorr   +                        O - +0 pair of gloves
Will    +....                    P - +2 pair of boots
Stlth   +++                      (no amulet)
HPRegen 0.31/turn                v - ring of resist corrosion
MPRegen 0.16/turn                (no ring)

@: mighty, resistant, under a protective aura, lightly drained, very slow
A: fangs 1, strong nose, distributed training
a: Renounce Religion


You were on level 8 of the Dungeon.
You worshipped Cheibriados.
Cheibriados was noncommittal.
You visited 2 branches of the dungeon, and saw 9 of its levels.

You collected 384 gold pieces.

Inventory:

Hand Weapons
 a - a +8 dire flail of protection (weapon)
 b - a +6 flail of freezing
 y - a +0 trident
 C - a +2 spectral club
Missiles
 d - 7 boomerangs of dispersal (quivered)
 H - 3 poisoned darts
 L - 5 boomerangs
 M - 2 throwing nets
Armour
 e - a +0 cloak (worn)
 f - a +0 ring mail
 i - a scarf of invisibility
 k - a +0 chain mail
 r - a +2 robe of willpower (worn)
 B - a +0 helmet (worn)
 O - a +0 pair of gloves (worn)
 P - a +2 pair of boots (worn)
 Q - a +0 leather armour
Jewellery
 v - a ring of resist corrosion (left hand)
 w - a ring of fire
 N - a ring of ice
Wands
 z - a wand of flame (27)
 G - a wand of polymorph (1)
Scrolls
 c - a scroll of blinking
 m - 2 scrolls of amnesia
 n - 3 scrolls of teleportation
Potions
 g - 2 potions of magic
 j - a potion of mutation
 l - a potion of cancellation {unknown}
 p - a potion of resistance
 q - a potion of invisibility {unknown}
 s - 2 potions of curing
 t - a potion of attraction {unknown}
 E - a potion of lignification
 I - 3 potions of ambrosia


   Skills:
 + Level 6.6 Fighting
 + Level 4.6 Short Blades
 + Level 4.6 Long Blades
 + Level 4.6 Axes
 + Level 4.6 Maces & Flails
 + Level 6.6 Polearms
 + Level 4.6 Staves
 + Level 4.6 Ranged Weapons
 + Level 5.3 Throwing
 + Level 5.3 Armour
 + Level 6.6 Dodging
 + Level 4.6 Stealth
 + Level 4.6 Shields
 + Level 4.6 Unarmed Combat
 + Level 6.9 Spellcasting
 + Level 3.8 Conjurations
 + Level 3.8 Hexes
 + Level 3.8 Summonings
 + Level 3.8 Necromancy
 + Level 6.7 Translocations
 + Level 3.8 Transmutations
 + Level 3.8 Fire Magic
 + Level 3.8 Ice Magic
 + Level 3.8 Air Magic
 + Level 3.8 Earth Magic
 + Level 3.8 Poison Magic
 + Level 5.1 Invocations
 + Level 4.6 Evocations


You had 15 spell levels left.
You knew the following spells:

 Your Spells              Type           Power      Damage    Failure   Level
a - Blink                 Tloc           46%        N/A       1%          2
b - Lesser Beckoning      Tloc           46%        N/A       1%          2
c - Poisonous Vapours     Pois/Air       30%        N/A       4%          2

Your spell library contained the following spells:

 Spells                   Type           Power      Damage    Failure   Level
 Teleport Other           Tloc           23%        N/A       2%          3
 Sting                    Tmut/Pois      60%        1d6       3%          1
 Ensorcelled Hibernation  Hex/Ice        30%        N/A       4%          2
 Vhi's Electric Charge    Tloc/Air       38%        N/A       4%          3
 Volatile Blastmotes      Fire/Tloc      38%        2d13      4%          3
 Spider Form              Tmut/Pois      15%        N/A       9%          3
 Manifold Assault         Tloc           23%        N/A       9%          4
 Iskenderun's Mystic Bla  Conj/Tloc      19%        2d6       16%         4
 Anguish                  Hex/Necr       7%         N/A       30%         4
 Fulminant Prism          Conj/Hex       7%         3d6       30%         4
 Olgreb's Toxic Radiance  Pois           15%        N/A       30%         4
 Lee's Rapid Deconstruct  Erth           7%         3d7*      63%         5
 Discord                  Hex            7%         N/A       100%        8
 Ignition                 Fire           7%         3d5       100%        8


Dungeon Overview and Level Annotations

Branches:
Dungeon (8/15)             Temple (1/1) D:7
   Lair: D:8-11

Altars:
Ashenzari
Cheibriados
Dithmenos
Elyvilon
Fedhas
Gozag
Hepliaklqana
Kikubaaqudgha
Makhleb
Nemelex Xobeh
Okawaru
Qazlal
Ru
Sif Muna
Trog
Uskayaw
Vehumet
Wu Jian
Xom
Yredelemnul
Zin
The Shining One

Shops:
D:3 *:[?   D:4 :

Annotations:
D:5 1 runed translucent door, Crazy Yiuf
D:6 2 transporters, roninjake's ghost, novice GnFE
D:7 1 runed translucent door
D:8 Erica


Innate Abilities, Weirdness & Mutations

You have very sharp teeth.
Your uncanny sense of smell can sniff out nearby items.
Your experience applies equally to all skills.


Message History

The bolt of poison hits you!
You are poisoned.
You hit something.
Your weapon exudes an aura of protection.
You feel very sick. Something hits you. Something burns you.
You puncture something!
You feel very sick.
You hear some strange, mumbled words.
Something tries to affect you, but you resist.
You hit something.
You feel sick. Something hits you but does no damage.
You hit something.
You feel sick. Something hits you but does no damage.
You miss something. You bite something.
You feel sick. Something hits you but does no damage. Something hits you!
Something burns you.
You miss something.
You feel sick. Something barely misses you.
You closely miss something.
You feel sick. Something hits you.
* * * LOW HITPOINT WARNING * * *
Something burns you.
* * * LOW HITPOINT WARNING * * *
You feel better. Something hits you.
* * * LOW HITPOINT WARNING * * *
Something burns you.
* * * LOW HITPOINT WARNING * * *
You feel very mighty all of a sudden. Something barely misses you.
You barely miss something. Something hits you!
* * * LOW HITPOINT WARNING * * *
Something burns you.
* * * LOW HITPOINT WARNING * * *
You feel protected. Something hits you.
* * * LOW HITPOINT WARNING * * *
Something burns you.
* * * LOW HITPOINT WARNING * * *
You sock something!
Your weapon exudes an aura of protection.
You hear some strange, mumbled words.
Something tries to affect you, but you resist.
You completely miss something. Your bite misses something. Something hits you.
You die...

#.#∆,,,,**
#.#,****,* #.#,**
*,* ###.#,,***,*
#...#*,*,,,*
#.###*,*,*,,
#######.#*,,,*,*,*
#....[..#*,**,,,,,
#@#######*,*,,,***
#{########.*,,**
#......@...****
###########*


There were no monsters in sight!

Vanquished Creatures
  Pikel (D:5)
  A yak (D:5)
  Edmund (D:4)
  A black bear (D:4)
  An ice beast (D:6)
  3 lemures (D:5)
  A bullfrog (D:6)
  A gnoll sergeant (D:5)
  3 scorpions
  7 wights
  A howler monkey (D:7)
  A jelly (D:5)
  A gnoll bouda (D:6)
  5 hounds
  3 orc priests
  3 sleepcaps
  Ijyb (D:4)
  5 iguanas
  Natasha (thrice) (D:3)
  5 orc wizards
  10 gnolls
  10 adders
  2 shadow imps
  A white imp (D:5)
  An ufetubus (D:5)
  A worm (D:5)
  6 dart slugs
  27 orcs
  3 endoplasms
  A giant cockroach (D:4)
  6 goblins
  14 hobgoblins
  6 jackals (D:1)
  8 kobolds
  2 quokkas
  8 ball pythons
  5 bats
  5 frilled lizards
  6 rats
170 creatures vanquished.

Vanquished Creatures (others)
  8 plants
8 creatures vanquished.

Grand Total: 178 creatures vanquished

Notes
Turn   | Place    | Note
-------+----------+-------------------------------------------
     0 | D:1      | jimonade the Gnoll Warper began the quest for the Orb.
     0 | D:1      | Reached XP level 1. HP: 20/20 MP: 6/6
    97 | D:1      | Reached XP level 2. HP: 26/26 MP: 7/7
   425 | D:1      | Reached skill level 5 in Spellcasting
   425 | D:1      | Reached XP level 3. HP: 28/31 MP: 7/9
   528 | D:1      | Reached skill level 1 in Invocations
   911 | D:2      | Reached skill level 1 in Short Blades
   911 | D:2      | Reached skill level 1 in Long Blades
   911 | D:2      | Reached skill level 1 in Axes
   911 | D:2      | Reached skill level 1 in Maces & Flails
   911 | D:2      | Reached skill level 1 in Staves
   911 | D:2      | Reached skill level 1 in Ranged Weapons
   911 | D:2      | Reached skill level 1 in Stealth
   911 | D:2      | Reached skill level 1 in Shields
   911 | D:2      | Reached skill level 1 in Unarmed Combat
   911 | D:2      | Reached skill level 1 in Evocations
   945 | D:2      | Reached XP level 4. HP: 37/38 MP: 11/11
   974 | D:2      | Found a sparkling altar of Nemelex Xobeh.
  1120 | D:2      | Reached skill level 1 in Conjurations
  1120 | D:2      | Reached skill level 1 in Hexes
  1120 | D:2      | Reached skill level 1 in Summonings
  1120 | D:2      | Reached skill level 1 in Necromancy
  1120 | D:2      | Reached skill level 1 in Transmutations
  1120 | D:2      | Reached skill level 1 in Fire Magic
  1120 | D:2      | Reached skill level 1 in Ice Magic
  1120 | D:2      | Reached skill level 1 in Air Magic
  1120 | D:2      | Reached skill level 1 in Earth Magic
  1120 | D:2      | Reached skill level 1 in Poison Magic
  1460 | D:3      | Reached XP level 5. HP: 6/43 MP: 12/12
  1605 | D:3      | Noticed Natasha
  1627 | D:3      | Killed Natasha
  2248 | D:3      | Found Qeaghonaa's Antique Armour Shop.
  2299 | D:3      | Found Xeguigud's Assorted Antiques.
  2321 | D:3      | Noticed Natasha
  2336 | D:3      | Killed Natasha
  2465 | D:3      | Noticed Natasha
  2478 | D:3      | Killed Natasha
  2479 | D:3      | Reached XP level 6. HP: 2/40 MP: 13/13
  2776 | D:3      | Found Soppaelo's Magic Scroll Emporium.
  2980 | D:3      | Found Duil's Book Shoppe.
  3234 | D:3      | Found a faded altar of an unknown god.
  3241 | D:3      | Found a faded altar of an unknown god.
  3408 | D:4      | Reached skill level 5 in Fighting
  3408 | D:4      | Reached skill level 5 in Polearms
  3408 | D:4      | Reached skill level 5 in Dodging
  3461 | D:4      | Noticed Ijyb
  3483 | D:4      | Killed Ijyb
  3826 | D:4      | Noticed a black bear
  3837 | D:4      | Killed a black bear
  4000 | D:4      | Reached XP level 7. HP: 43/54 MP: 15/15
  4039 | D:4      | Found Utashrit's Book Shop.
  4159 | D:4      | Noticed Edmund
  4182 | D:4      | Killed Edmund
  4802 | D:5      | Entered Level 5 of the Dungeon
  5063 | D:5      | Noticed Pikel
  5075 | D:5      | Killed Pikel
  5076 | D:5      | Reached XP level 8. HP: 59/64 MP: 15/17
  5347 | D:5      | Noticed a yak
  5379 | D:5      | Killed a yak
  5671 | D:5      | Found a shimmering blue altar of Sif Muna.
  5749 | D:5      | Found a runed translucent door.
  5750 | D:5      | Noticed Crazy Yiuf
  5897 | D:5      | Reached XP level 9. HP: 69/69 MP: 18/18
  6301 | D:6      | Identified the +7 spear of Yredelemnul's Approval {vamp,
                  | rElec}
  6301 | D:6      | Identified the +2 ring mail of the Zebra {Fly rPois rC-
                  | Stlth-}
  6318 | D:6      | Reached skill level 5 in Throwing
  6318 | D:6      | Reached skill level 5 in Armour
  6395 | D:6      | Found a transporter.
  6406 | D:6      | Noticed roninjake's ghost (novice GnFE)
  6490 | D:6      | Found a transporter.
  7014 | D:7      | Reached skill level 5 in Invocations
  7020 | D:7      | Noticed a sixfirhy
  7106 | D:7      | Found a staircase to the Ecumenical Temple.
  7116 | Temple   | Entered the Ecumenical Temple
  7416 | Temple   | Became a worshipper of Cheibriados the Contemplative
  7649 | D:7      | Found a runed translucent door.
  7714 | D:7      | Learned a level 2 spell: Blink
  7717 | D:7      | Learned a level 2 spell: Lesser Beckoning
  7720 | D:7      | Learned a level 2 spell: Poisonous Vapours
  7822 | D:8      | Noticed Erica
  7842 | D:8      | HP: 2/70 [something (5)]
  7844 | D:8      | Slain by Erica

Illustrated notes

Levels and vault maps discovered:
D:1:      lordsloth_arrival_two_stooges, layout_rooms,
          hangedman_abyss_or_decor_stabs, hangedman_decor_growths,
          nicolae_kite_square_tiling_tiny, st_stairs_12, minmay_bisected
D:2:      layout_basic, basic_altar
D:3:      layout_basic, hellmonk_ecumenical_altar_the_god_not_taken,
          serial_shops, nicolae_shop_overgrown_old_shop, shop,
          nicolae_shop_behind_doors, nicolae_shop_behind_doors,
          minmay_quadrilaterals, uniq_natasha
D:4:      layout_basic, serial_shops, shop, uniq_edmund, uniq_ijyb
D:5:      layout_basic, mainiacjoe_overflow_six_doors_small,
          minmay_chambers_of_fives, uniq_pikel, uniq_crazy_yiuf_cottage
D:6:      layout_rooms, gammafunk_ghost_gnarly_gnolls, kennysheep_small_circle
D:7:      cheibrodos_shockbox, layout_rooms, minmay_temple_entry_junction_2,
          minmay_misc_feat_iff
D:8:      layout_basic, serial_shops, nicolae_inconvenience_store,
          minmay_shop_damaged, uniq_erica
Temple:   regret_index_temple_sigil_plot

Skill      XL: |  1  2  3  4  5  6  7  8  9 |
---------------+----------------------------+-----
Spellcasting   | 5 6 |  6.9
Invocations    | 1 2 3 4 5 |  5.1
Short Blades   | 1 2 3 4 |  4.6
Long Blades    | 1 2 3 4 |  4.6
Axes           | 1 2 3 4 |  4.6
Maces & Flails | 1 2 3 4 |  4.6
Staves         | 1 2 3 4 |  4.6
Ranged Weapons | 1 2 3 4 |  4.6
Stealth        | 1 2 3 4 |  4.6
Shields        | 1 2 3 4 |  4.6
Unarmed Combat | 1 2 3 4 |  4.6
Evocations     | 1 2 3 4 |  4.6
Conjurations   | 1 2 3 |  3.8
Hexes          | 1 2 3 |  3.8
Summonings     | 1 2 3 |  3.8
Necromancy     | 1 2 3 |  3.8
Transmutations | 1 2 3 |  3.8
Fire Magic     | 1 2 3 |  3.8
Ice Magic      | 1 2 3 |  3.8
Air Magic      | 1 2 3 |  3.8
Earth Magic    | 1 2 3 |  3.8
Poison Magic   | 1 2 3 |  3.8
Throwing       | 3 4 5 |  5.3
Armour         | 3 4 5 |  5.3
Fighting       | 5 6 |  6.6
Polearms       | 5 6 |  6.6
Dodging        | 5 6 |  6.6
Translocations | 6 |  6.7

Action                     |  1- 3 |  4- 6 |  7- 9 || total
---------------------------+-------+-------+-------++-------
  Melee: Spear             |   159 |    77 |       ||   236
         Bite              |     6 |    13 |    29 ||    48
         Punch             |     1 |     2 |       ||     3
         Trident           |       |    98 |       ||    98
         Dagger            |       |    49 |       ||    49
         Club              |       |    26 |    14 ||    40
         Dire flail        |       |       |   287 ||   287
  Evoke: Wand              |       |     3 |     5 ||     8
    Use: Scroll            |       |     2 |    15 ||    17
         Potion            |       |       |     3 ||     3
   Stab: Invisible         |       |       |     1 ||     1
 Armour: Ring mail         |    27 |       |       ||    27
         Chain mail        |    18 |   137 |   165 ||   320
         Robe              |       |       |     3 ||     3
  Dodge: Dodged            |    67 |    89 |    98 ||   254

Table legend: (Time is in decaauts)
 A = Elapsed time spent in this place.
 B = Non-inter-level travel time spent in this place.
 C = Inter-level travel time spent in this place.
 D = Time resting spent in this place.
 E = Time spent auto-exploring this place.
 F = Levels seen in this place.
 G = Mean time per level.
                   A        B        C        D        E       F      G
               +--------+--------+--------+--------+--------+-----+--------+
         Total |   7951 |   7646 |    305 |   1047 |   4582 |   9 |  883.4 |
       Dungeon |   7614 |   7367 |    247 |   1047 |   4325 |   8 |  951.8 |
        Temple |    336 |    278 |     58 |      0 |    257 |   1 |  336.0 |
               +--------+--------+--------+--------+--------+-----+--------+

Top non-repeatable levels by time:
     D:3: 1529 daAuts
     D:4: 1437 daAuts
     D:5: 1247 daAuts
     D:2: 1037 daAuts
     D:6: 840 daAuts
     D:1: 782 daAuts
     D:7: 611 daAuts
  Temple: 336 daAuts
     D:8: 128 daAuts
